 Dungeon Crawl Stone Soup version 0.29-a0-8-g0446c0dae4 (webtiles) character file.

Game seed: 10184091029446155094

3385 HallandMoats the Grappler (level 10, -7/90 HPs)
             Began as a Ghoul Monk on Jan 27, 2022.
             Was an Elder of Cheibriados.
             Mangled by an orc knight (43 damage)
             ... in a bailey.
             The game lasted 00:09:10 (8772 turns).

HallandMoats the Grappler (Ghoul Monk)              Turns: 8772, Time: 00:09:10

Health: -7/90      AC: 18    Str: 28    XL:     10   Next: 4%
Magic:  14/14      EV: 13    Int: 15    God:    Cheibriados [****..]
Gold:   195        SH:  5    Dex: 28    Spells: 9/9 levels left

rFire   . . .      SeeInvis .     - Unarmed
rCold   + . .      Faith    .   (no shield)
rNeg    + + +      Spirit   .   f - +8 chain mail "Faololl" {rPois Dex+5}
rPois   ∞          Reflect  +   (no helmet)
rElec   .          Harm     .   s - +0 cloak
rCorr   .          Rampage  .   (no gloves)
Will    .....                   (no boots)
Stlth   ..........              p - amulet of reflection
HPRegen 0.00/turn               (no ring)
MPRegen 0.14/turn               (no ring)

@: inhibited regen, very slow
A: claws 1, cold resistance 1, negative energy resistance 3, inhibited
regeneration, torment resistance 2
a: Renounce Religion, Bend Time, Temporal Distortion, Slouch


You were in a bailey.
You worshipped Cheibriados.
Cheibriados was greatly pleased with you.
You visited 1 branch of the dungeon, and saw 9 of its levels.
You also visited: Bailey.

You collected 381 gold pieces.
You spent 186 gold pieces at shops.

Inventory:

Armour
 f - the +8 chain mail "Faololl" (worn) {rPois Dex+5}
   (You found it on level 2 of the Dungeon)

   Dex:       It affects your dexterity (+5).
   rPois:     It protects you from poison.
 s - a +0 cloak (worn)
Jewellery
 e - a ring of wizardry
 k - a ring of ice
 p - an amulet of reflection (around neck)
Wands
 l - a wand of acid (9)
Scrolls
 a - a scroll of fear
 h - a scroll of summoning
 i - 2 scrolls of immolation
 j - 5 scrolls of teleportation
 q - 2 scrolls of amnesia
 r - a scroll of enchant armour
 u - a scroll of blinking
Potions
 c - 3 potions of heal wounds
 g - 3 potions of curing
 n - a potion of brilliance {unknown}
 o - a potion of magic {unknown}
 t - a potion of haste {unknown}


   Skills:
 * Level 8.4 Fighting
 + Level 4.2 Armour
 + Level 5.0 Dodging
 - Level 2.1 Stealth
 * Level 8.4 Unarmed Combat
 * Level 7.5 Invocations


You had 9 spell levels left.
You didn't know any spells.
Your spell library contained the following spells:

 Spells                   Type           Power      Damage    Failure   Level
 Static Discharge         Conj/Air       0%         N/A       91%         2
 Inner Flame              Hex/Fire       0%         N/A       99%         3
 Cause Fear               Hex            0%         N/A       100%        4
 Dispel Undead            Necr           0%         3d6       100%        4
 Sticky Flame             Conj/Fire      0%         2d3       100%        4
 Summon Ice Beast         Ice/Summ       0%         N/A       100%        4
 Summon Mana Viper        Hex/Summ       0%         N/A       100%        5
 Monstrous Menagerie      Summ           0%         N/A       100%        7
 Discord                  Hex            0%         N/A       100%        8


Dungeon Overview and Level Annotations

Branches:
Dungeon (10/15)            Temple (0/1) D:6            Lair (0/6) D:8
 Bailey (1/1)
    Orc: D:9-12

Altars:
Cheibriados
Dithmenos
Qazlal
Xom
Yredelemnul
Zin
The Shining One

Shops:
D:3 ?   D:7 ?


Innate Abilities, Weirdness & Mutations

You thrive by killing the living.
You are immune to poison.
You have sharp fingernails.
Your flesh is cold resistant. (rC+)
You are immune to negative energy. (rN+++)
You do not regenerate when monsters are visible.
You are immune to unholy pain and torment.


Message History

The scroll dissolves into smoke.
It was a scroll of fog.
You fade into invisibility!
You open the door.
The orc warrior shouts!
There is an open door here.
You flicker for a moment.
The orc warrior no longer looks unusually strong.
You block the orc warrior's attack.
You strike the helpless orc warrior from behind!
You claw the orc warrior!
You claw the orc warrior, but do no damage.
The orc warrior is severely wounded.
The orc warrior hits you but does no damage.
You scratch the orc warrior but do no damage.
You claw the orc warrior, but do no damage.
The orc warrior is severely wounded.
The orc knight roars a battlecry!
The orcs go into a battle-frenzy!
You scratch the orc knight.
The orc knight is lightly wounded.
The orc knight no longer looks unusually strong.
You claw the orc knight!
The orc knight is moderately wounded.
The orc knight hits you from afar with a +0 bardiche!!
The orc knight roars a battlecry!
The orc knight goes into a battle-frenzy!
The orc warrior hits you from afar with a +0 spear.
You scratch the orc knight. Your claw misses the orc knight.
The orc knight is moderately wounded.
You flicker back into view.
The orc knight barely misses you. The orc knight closely misses you.
You scratch the orc knight.
The orc knight is moderately wounded.
The orc warrior barely misses you. The orc knight barely misses you.
The orc warrior no longer looks unusually strong.
You block the orc warrior's attack. You block the orc knight's attack.
The orc knight hits you with a +0 trident!!
The orc warrior misses you.
The orc knight hits you from afar with a +0 bardiche!!!
You die...

##..≈≈.....≈≈..##
####..≈≈..###).≈≈..##########
.....≈≈..## ##§§§§§.........#
≈≈≈)≈≈).##.∩.##§§§§§≈≈≈≈≈≈≈.#
.....).##.....##§§§.......≈.#
###########+###'#########.≈.#
........## ##)≈.# #
§≈≈≈≈≈≈o.## ##..≈.# ##
§....o≈≈@.## ##..≈≈.# .#
§.⌠∩⌠.o§o§.#'#..≈≈.∩# .#+#
§..⌠...§≈§.#'#..≈≈.## ##.##
≈.....§§§§##.##.)≈≈.# #.$.#
≈≈≈.≈≈≈..#+...##..≈.# .$$$.#
........##.....##.≈.#
######## ##+#############.≈.#
.......## ##..).......≈.#
≈≈≈≈≈≈..## ##..≈≈≈))≈≈≈≈≈.#


You could see 2 orc knights and 2 orc warriors.

Vanquished Creatures
  Pikel (D:5)
  Maggie (D:8)
  A komodo dragon (D:7)
  Grinder (D:2)
  A wyvern (D:7)
  An acid dragon (D:10)
  Edmund (D:5)
  A water moccasin (D:7)
  An orc warrior (Bailey)
  A sky beast (D:6)
  An ice beast (D:6)
  A necrophage (D:5)
  An ogre (D:5)
  A kobold brigand (D:7)
  Blork the orc (D:5)
  A bullfrog (D:6)
  A scorpion (D:7)
  A water moccasin zombie (D:5)
  A water moccasin skeleton (D:6)
  3 wights (D:7)
  A centaur zombie (D:6)
  5 orc priests
  2 centaur skeletons (D:7)
  3 hounds
  4 bullfrog skeletons
  A gnoll shaman (D:7)
  Crazy Yiuf (D:5)
  2 iguanas
  2 hound skeletons (D:4)
  8 gnolls
  2 adders
  A shadow imp (D:7)
  2 white imps
  5 worms
  6 dart slugs
  32 orcs
  9 ball pythons
  4 bats
  9 endoplasms
  3 giant cockroaches
  7 hobgoblins
  3 jackals (D:2)
  12 kobolds
  2 quokkas
  4 frilled lizards
  5 goblins
  6 rats
163 creatures vanquished.

Notes
Turn   | Place    | Note
-------+----------+-------------------------------------------
     0 | D:1      | HallandMoats the Ghoul Monk began the quest for the Orb.
     0 | D:1      | Reached XP level 1. HP: 19/19 MP: 0/0
   187 | D:1      | Reached XP level 2. HP: 26/26 MP: 1/1
   307 | D:1      | Reached skill level 1 in Invocations
   682 | D:1      | Reached XP level 3. HP: 31/31 MP: 2/2
   688 | D:1      | Found a faded altar of an unknown god.
  1725 | D:2      | Identified the +8 chain mail "Faololl" {rPois Dex+5}
  1775 | D:2      | Reached XP level 4. HP: 40/40 MP: 4/4
  2183 | D:3      | Noticed Grinder
  2187 | D:2      | Paralysed by Grinder for 7 turns
  2200 | D:2      | Killed Grinder
  2201 | D:2      | Reached skill level 1 in Armour
  2201 | D:2      | Reached XP level 5. HP: 27/47 MP: 4/6
  2201 | D:2      | Reached XP level 6. HP: 30/53 MP: 4/7
  2538 | D:3      | Found Bykluf's Magic Scroll Emporium.
  2549 | D:3      | Bought a scroll of fear for 35 gold pieces
  2549 | D:3      | Bought a scroll of identify for 20 gold pieces
  2549 | D:3      | Bought a scroll of identify for 20 gold pieces
  2549 | D:3      | Bought a scroll of identify for 20 gold pieces
  2644 | D:3      | Reached skill level 5 in Unarmed Combat
  2710 | D:3      | Found a shimmering altar of Xom.
  3014 | D:3      | Reached skill level 5 in Fighting
  3448 | D:4      | Found a snail-covered altar of Cheibriados.
  3450 | D:4      | Found a shadowy altar of Dithmenos.
  3576 | D:4      | Became a worshipper of Cheibriados the Contemplative
  3576 | D:4      | Reached * piety under Cheibriados
  3576 | D:4      | Reached ** piety under Cheibriados
  3962 | D:4      | Reached XP level 7. HP: 61/61 MP: 8/8
  4414 | D:4      | Identified the +0 robe "Vibruisu" {rN+ SInv Stlth+}
  4441 | D:5      | Entered Level 5 of the Dungeon
  4734 | D:5      | Noticed Pikel
  4753 | D:5      | Killed Pikel
  4754 | D:5      | Reached XP level 8. HP: 56/70 MP: 8/10
  4948 | D:5      | Noticed Edmund
  4962 | D:5      | Killed Edmund
  4963 | D:5      | Reached skill level 5 in Invocations
  5160 | D:5      | Reached *** piety under Cheibriados
  5171 | D:5      | Noticed Blork the orc
  5182 | D:5      | Killed Blork the orc
  5263 | D:5      | Found a runed translucent door.
  5264 | D:5      | Noticed Crazy Yiuf
  5545 | D:5      | Killed Crazy Yiuf
  5592 | D:6      | Reached XP level 9. HP: 72/78 MP: 12/12
  5753 | D:6      | Found a basalt altar of Yredelemnul.
  5901 | D:6      | Found a staircase to the Ecumenical Temple.
  6575 | D:7      | Noticed a komodo dragon
  6584 | D:7      | Killed a komodo dragon
  6897 | D:7      | Found Kizxipa's Magic Scroll Shop.
  6977 | D:7      | Bought a scroll of identify for 26 gold pieces
  6977 | D:7      | Bought a scroll of identify for 26 gold pieces
  6977 | D:7      | Bought a scroll of teleportation for 39 gold pieces
  7022 | D:7      | Found a stormy altar of Qazlal.
  7071 | D:7      | Reached **** piety under Cheibriados
  7869 | D:8      | Noticed Maggie
  7884 | D:8      | Killed Maggie
  7989 | D:8      | Found a staircase to the Lair.
  7992 | D:8      | You fall into a shaft and drop 2 floors!
  7992 | D:10     | Entered Level 10 of the Dungeon
  7992 | D:10     | Found a flagged portal.
  8007 | D:10     | Reached skill level 5 in Dodging
  8007 | D:10     | Reached XP level 10. HP: 27/88 MP: 14/14
  8008 | Bailey   | Entered a bailey
  8755 | Bailey   | Noticed an orc knight
  8755 | Bailey   | Noticed an orc knight
  8772 | Bailey   | Mangled by an orc knight

Illustrated notes

Levels and vault maps discovered:
D:1:      beargit_arrival_greenhouse, layout_basic,
          shapermc_ecumenical_altar_ellora
D:2:      layout_loops_ring, st_stairs_12
D:3:      layout_loops_ring, general_overflow_altar, serial_shops, shop,
          minmay_misc_feat_square, uniq_grinder
D:4:      layout_basic, lemuel_round_altar,
          chequers_temple_overflow_statue_of_worship,
          minmay_misc_feat_nine_boxes, chequers_serial_rivers_large_a
D:5:      layout_rooms, patterned_corridor, uniq_blork_the_orc,
          uniq_crazy_yiuf_cottage, uniq_edmund, uniq_pikel
D:6:      layout_basic, mainiacjoe_overflow_alcove_4, lemuel_round_altar,
          minmay_temple_entry_statues_fountains, grunt_ministairs_7,
          hangedman_decor_growths, minmay_misc_feat_four_crosses
D:7:      layout_loops_corners, grunt_qazlal_sundering, serial_shops, shop,
          chequers_serial_rivers_micro_a
D:8:      layout_basic, dpeg_oklobed_lair, small_statue_intersection,
          st_stairs_7, eino_jars, uniq_prince_ribbit1, uniq_joseph, uniq_maggie
D:10:     layout_roguey, enter_bailey_2, serial_shops, nicolae_shop_crystal,
          ebering_ghost_reflecting_pool, disabler_island, uniq_nergalle
Bailey:   bailey_polearm_1, bailey

Skill      XL: |  1  2  3  4  5  6  7  8  9 |
---------------+----------------------------+-----
Invocations    | 1 2 3 4 5 7 |  7.5
Unarmed Combat | 4 5 6 7 8 |  8.4
Fighting       | 4 5 6 8 |  8.4
Armour         | 1 2 3 4 |  4.2
Dodging        | 3 4 5 |  5.0
Stealth        | |  2.1

Action                   |  1- 3 |  4- 6 |  7- 9 | 10-12 || total
-------------------------+-------+-------+-------+-------++-------
Melee: Unarmed           |   123 |   142 |   260 |    35 ||   560
       Punch             |     3 |     4 |    17 |     6 ||    30
Invok: Bend Time         |       |       |     1 |       ||     1
  Use: Scroll            |       |     3 |     9 |     1 ||    13
       Potion            |       |       |       |     1 ||     1
 Stab: Sleeping          |     4 |       |       |       ||     4
       Invisible         |       |       |       |     1 ||     1
Armor: Robe              |    18 |       |       |       ||    18
       Chain mail        |     8 |    88 |   112 |    17 ||   225
Dodge: Dodged            |    87 |    42 |   104 |    29 ||   262
Block: Other             |       |       |    22 |    15 ||    37

Table legend: (Time is in decaauts)
 A = Elapsed time spent in this place.
 B = Non-inter-level travel time spent in this place.
 C = Inter-level travel time spent in this place.
 D = Time resting spent in this place.
 E = Time spent auto-exploring this place.
 F = Levels seen in this place.
 G = Mean time per level.
                   A        B        C        D        E       F      G
               +--------+--------+--------+--------+--------+-----+--------+
         Total |  10636 |  10245 |    391 |   1245 |   7619 |  10 | 1063.6 |
       Dungeon |   9784 |   9393 |    391 |    646 |   7578 |   9 | 1087.1 |
        Bailey |    852 |    852 |      0 |    599 |     40 |   1 |  852.0 |
               +--------+--------+--------+--------+--------+-----+--------+

Top non-repeatable levels by time:
     D:7: 1997 daAuts
     D:4: 1584 daAuts
     D:5: 1465 daAuts
     D:6: 1350 daAuts
     D:2: 1314 daAuts
     D:1: 1007 daAuts
     D:3: 904 daAuts
  Bailey: 852 daAuts
     D:8: 142 daAuts
    D:10: 18 daAuts
